Map: Eastwatch LE

Players

Kazansky

  • Race: Protoss Protoss
  • League: Gold
  • Spawn Location: 7:00

fruitcake - Winner!

  • Race: Terran Terran
  • Spawn Location: 1:00

VOD

Have the link to the VOD?

Description

Time

  • Played on: May 10, 2018, 5:18 p.m.
  • Length: 11:30
Show
View Real Time Build Order
Export as new Build Order

Kazansky Protoss 

Build Orders:  

Get SALT Encoding   

  12  0:12  Pylon, Probe  
  13  0:20  Probe  
  13  0:28  Probe  
  15  0:40  Probe  
  16  0:48  Pylon  
  16  0:51  Pylon  
  16  0:52  Probe  
  17  1:07  Forge  
  16  1:22  Probe  
  17  1:28  Gateway  
  17  1:44  Probe  
  18  1:48  Photon Cannon  
  18  1:52  Photon Cannon, Pylon  
  18  1:57  Pylon  
  18  2:05  Assimilator  
  18  2:08  Assimilator  
  18  2:16  Gateway  
  18  2:25  Gateway  
  18  2:38  Gateway  
  18  2:46  Photon Cannon  
  18  3:03  Pylon  
  17  3:11  Zealot  
  17  3:12  Zealot  
  27  3:58  Pylon  
  27  3:59  Zealot  
  27  4:01  Pylon  
  23  4:20  Probe  
  23  4:21  Photon Cannon  
  23  4:23  Nexus  
  26  4:37  Cybernetics Core  
  24  4:44  Pylon  
  24  4:59  Photon Cannon  
  24  5:05  Pylon, Probe  
  22  5:13  Probe  
  21  5:17  Stalker  
  21  5:18  Photon Cannon  
  22  5:22  Probe  
  23  5:46  Stalker  
  23  5:47  Gateway  
  25  5:53  Shield Battery  
  25  6:01  Photon Cannon  
  25  6:08  Pylon  
  25  6:12  Warp Gate  
  25  6:19  Probe  
  25  6:20  Pylon  
  26  6:27  Probe  
  27  6:36  Stalker  
  25  7:03  Stalker  
  15  7:32  Stalker  
  15  7:34  Sentry  
  9  7:46  Probe  
  8  8:00  Stalker  
  10  8:15  Probe  
  9  8:23  Probe  
  9  8:33  Probe  
  11  8:45  Probe  
  10  8:54  Probe  
  8  9:02  Probe  
  10  9:11  Probe  
  11  9:23  Probe  
  12  9:35  Pylon, Probe  
  13  9:43  Pylon  
  13  9:44  Probe  
  13  9:52  Probe  
  14  9:56  Pylon  
  15  10:02  Probe  
  15  10:04  Pylon  
  16  10:14  Pylon, Probe  
  17  10:20  Pylon  
  17  10:26  Probe  
  18  10:29  Pylon  
  18  10:37  Pylon  
  18  10:44  Pylon  
Show
View Real Time Build Order
Export as new Build Order

fruitcake Terran - Winner!

Build Orders:  

Get SALT Encoding   

  12  0:00  SCV  
  13  0:16  Supply Depot  
  13  0:18  SCV  
  14  0:26  Refinery  
  14  0:30  SCV  
  15  0:44  Barracks  
  15  0:48  SCV  
  16  1:24  SCV  
  17  1:33  Marine  
  17  1:36  SCV  
  19  1:49  SCV  
  19  1:51  Marine  
  21  2:01  SCV  
  22  2:09  Marine  
  23  2:24  Supply Depot, Refinery  
  23  2:29  Supply Depot  
  23  2:38  Orbital Command  
  23  2:45  Marine  
  24  2:55  Factory  
  24  3:00  Engineering Bay  
  24  3:03  Marine  
  24  3:21  Marine  
  25  3:39  Marine  
  26  3:42  Supply Depot  
  26  3:43  Factory Tech Lab  
  26  3:57  Marine  
  27  4:11  Cyclone  
  27  4:15  Marine  
  29  4:32  Marine  
  29  4:43  Cyclone  
  32  4:49  Barracks  
  32  4:50  Marine  
  33  5:08  Marine  
  33  5:09  Command Center  
  34  5:15  Cyclone  
  34  5:18  Terran Infantry Weapons Level 1  
  38  5:21  SCV  
  38  5:26  Marine  
  39  5:33  SCV  
  40  5:44  Marine  
  40  5:45  SCV  
  40  5:47  Cyclone  
  45  5:52  Barracks Reactor  
  45  6:01  Marine  
  46  6:19  Marine  
  47  6:33  Siege Tank  
  47  6:37  Marine  
  51  6:42  Refinery  
  51  6:55  Marine  
  51  7:09  Marine x2  
  51  7:11  Siege Tank  
  51  7:13  Marine  
  50  7:27  Marine x2  
  49  7:30  Marine  
  48  7:43  Siege Tank  
  50  7:45  Marine x2  
  50  7:48  Marine  
  52  8:02  Marine  
  52  8:03  Marine  
  54  8:06  Marine  
  53  8:20  Marine x2  
  53  8:22  Siege Tank  
  53  8:24  Marine  
  59  8:38  Marine x2  
  61  8:42  Marine  
  62  9:22  Supply Depot x2  
  62  9:24  Supply Depot x2  
  62  9:26  Armory  
  62  9:31  Refinery  
  62  9:38  Barracks Tech Lab  
  62  9:43  Marine x2  
  62  9:44  SCV x2, Siege Tank  
  69  9:56  SCV x2  
  71  10:01  Marine x2  
  73  10:08  SCV x2  
  75  10:16  Cyclone  
  75  10:19  Marine x2  
  75  10:20  SCV  
  81  10:27  Marine  
  82  10:30  SCV  
  82  10:32  SCV  
  84  10:37  Marine x2  
  84  10:42  SCV  
  87  10:44  SCV  
  87  10:45  Marauder  
  87  10:48  Cyclone  
  93  10:54  SCV  
  94  11:08  SCV  
  94  11:11  Marine  
  92  11:19  Supply Depot  
  92  11:22  Supply Depot  
  92  11:24  Supply Depot  
  92  11:27  Supply Depot  
Tags
 
Add a new tag
Caveats
  • Supply blocks, unpowered buildings, or Contaminate may cause inaccurate times.
  • Supply counts are checked every 10 seconds.